 Dungeon Crawl Stone Soup version 0.31-a0-145-g046c7d2549 (webtiles) character file.

Game seed: 11331048012565879475

108 Conn the Firebug (level 4, 0/27 HPs)
             Began as an Octopode Fire Elementalist on June 4, 2023.
             Slain by Crazy Yiuf
             ... wielding a +4 quarterstaff of chaos
              (1 damage)
             ... on level 2 of the Dungeon.
             The game lasted 00:03:53 (1673 turns).

Conn the Firebug (Octopode Fire Elementalist)       Turns: 1673, Time: 00:03:54

Health: 0/27       AC:  5    Str:  7    XL:     4   Next: 87%
Magic:  8/8        EV: 18    Int: 19    God:
Gold:   68         SH:  0    Dex: 12    Spells: 2/8 levels left

rFire   . . .        f - +0 dagger
rCold   . . .        (no shield)
rNeg    . . .        (helmet restricted)
rPois   .            (no amulet)
rElec   .            b - +5 ring of evasion
rCorr   .            m - +4 ring of protection
SInv    .            (no ring)
Will    .....        (no ring)
Stlth   +++          (no ring)
HPRegen 0.24/turn    (no ring)
MPRegen 0.11/turn    (no ring)
                     (no ring)

%: no passive effects
@: very slightly contaminated
A: almost no armour, amphibious, 8 rings, camouflage 1, gelatinous body 1,
(nimble swimmer 1), tentacles
a: no special abilities


You were on level 2 of the Dungeon.
You visited 1 branch of the dungeon, and saw 2 of its levels.

You collected 68 gold pieces.

Inventory:

Hand Weapons
 f - a +0 dagger (weapon)
Jewellery
 b - a +5 ring of evasion (left tentacle)
 m - a +4 ring of protection (right tentacle)
Scrolls
 e - a scroll of enchant armour {unknown}
 h - a scroll of fog {unknown}
 i - 4 scrolls of identify {unknown}
 j - a scroll of immolation {unknown}
 k - a scroll of amnesia {unknown}
 l - a scroll of fear {unknown}
 o - a scroll of noise {unknown}
Potions
 c - a potion of lignification {unknown}
 d - a potion of brilliance {unknown}
 g - a potion of invisibility {unknown}
 n - a potion of mutation {unknown}


   Skills:
 + Level 0.1 Fighting
 + Level 0.1 Short Blades
 + Level 2.3 Dodging
 + Level 3.2 Stealth
 + Level 2.8 Spellcasting
 + Level 1.9 Conjurations
 + Level 4.0 Fire Magic


You had 2 spell levels left.
You knew the following spells:

 Your Spells              Type           Power      Damage    Failure   Level
a - Foxfire               Conj/Fire      56%        2x1d6     4%          1
b - Scorch                Fire           36%        2d7       4%          2
c - Inner Flame           Hex/Fire       10%        N/A       21%         3

Your spell library contained the following spells:

 Spells                   Type           Power      Damage    Failure   Level
 Volatile Blastmotes      Fire/Tloc      20%        2d11      21%         3
 Flame Wave               Conj/Fire      14%        2d6       41%         4
 Ozocubu's Armour         Ice            2%         N/A       43%         3
 Summon Ice Beast         Ice/Summ       2%         N/A       83%         4
 Borgnjor's Vile Clutch   Necr/Erth      1%         N/A       99%         5
 Death Channel            Necr           1%         N/A       100%        6


Dungeon Overview and Level Annotations

Branches:
Dungeon (2/15)

Altars:

Shops:
D:1 [

Annotations:
D:2 Crazy Yiuf


Innate Abilities, Weirdness & Mutations

You cannot wear most types of armour.
You are amphibious.
You can wear up to eight rings at the same time.
Your skin changes colour to match your surroundings (Stealth+).
Your rubbery body absorbs attacks. (AC +1, EV +1)
((You are camouflaged when in or above water. (Stealth+)))
You have tentacles for arms and can constrict up to eight enemies at once.


Message History

The spell is quite dangerous to miscast (21% risk of failure)!
Continue anyway?
Aiming: Inner Flame (quite dangerous; 21% risk of failure)
Press: ? - help, Dir - move target, f/p - Crazy Yiuf
Aim: Crazy Yiuf, wielding a +4 quarterstaff of chaos and wearing a +0 cloak (chance to affect: 68%) Crazy Yiuf struggles to resist.
Unknown command.
Casting: Inner Flame (quite dangerous; 21% risk of failure)
Confirm with . or Enter, or press ? or * to list all spells.
Flames lash Crazy Yiuf.
Crazy Yiuf is moderately wounded.
Crazy Yiuf's fire resistance burns away.
Unknown command.
You hit Crazy Yiuf. You grab Crazy Yiuf.
Crazy Yiuf is heavily wounded.
You constrict Crazy Yiuf, but do no damage.
Crazy Yiuf completely misses you.
You hit Crazy Yiuf but do no damage.
Crazy Yiuf is heavily wounded.
You constrict Crazy Yiuf, but do no damage.
Crazy Yiuf hits you with a +4 quarterstaff of chaos!
Ouch! That really hurt!
Crazy Yiuf burns you.
* * * LOW HITPOINT WARNING * * *
Unknown command.
Okay, then.
Unknown command.
Okay, then.
Unknown command.
Unknown command.
Okay, then.
Unknown command.
Okay, then.
Unknown command.
Unknown command.
Magic courses through your body.
You constrict Crazy Yiuf, but do no damage.
Crazy Yiuf hits you with a +4 quarterstaff of chaos.
* * * LOW HITPOINT WARNING * * *
Crazy Yiuf burns you.
You die...

#............#....###.....###.
#.......#############.....# #.
#......## #..###.# #.
#.......# ##### ##.####.###.
##......# #..)# #...........
#......# #...# #.###.......
####......# ... #.###..†....
##....<..<.# #g# #...........
...........# ♣♣@♣ ##.###....##
##.##......# ♣.♣♣ #......##.#
##.##......# ♣♣.♣ ##........#
##.........# ♣.♣♣ #........#
...###....## ♣♣.♣♣ ###†.....#
#..###..#### ♣.P.♣♣ #......#
#.....<....# ♣).PP♣ #..§...#
#.###.##...# #....# ####.###
..###.#########..## #### #.#


You could see Crazy Yiuf (combustible).

Vanquished Creatures
  Jessica (D:2)
  3 adders (D:2)
  2 worms (D:2)
  2 dart slugs (D:1)
  4 ball pythons
  6 bats
  An endoplasm (D:1)
  6 giant cockroaches (D:1)
  2 goblins
  5 hobgoblins
  2 jackals (D:2)
  A quokka (D:1)
  A frilled lizard (D:1)
  3 kobolds
  6 rats
45 creatures vanquished.

Vanquished Creatures (collateral kills)
  2 foxfires (D:2)
2 creatures vanquished.

Vanquished Creatures (others)
  156 foxfires
156 creatures vanquished.

Grand Total: 203 creatures vanquished

Notes
Turn   | Place    | Note
-------+----------+-------------------------------------------
     0 | D:1      | Conn the Octopode Fire Elementalist began the quest for the
                  | Orb.
     0 | D:1      | Reached XP level 1. HP: 11/11 MP: 3/3
   242 | D:1      | Reached XP level 2. HP: 17/17 MP: 0/5
   562 | D:1      | Found Xadeq's Antique Armour Shoppe.
   596 | D:1      | Reached XP level 3. HP: 21/21 MP: 1/6
   850 | D:1      | Got the Atlas of the Sinister Tundra
   855 | D:1      | Learned a level 2 spell: Scorch
   859 | D:1      | Learned a level 3 spell: Inner Flame
  1178 | D:2      | Found a faded altar of an unknown god.
  1294 | D:2      | Reached XP level 4. HP: 27/27 MP: 4/7
  1614 | D:2      | Noticed Jessica
  1621 | D:2      | Killed Jessica
  1622 | D:2      | Reached skill level 4 in Fire Magic
  1663 | D:2      | Found a runed translucent door.
  1664 | D:2      | Noticed Crazy Yiuf
  1673 | D:2      | HP: 1/27 [Crazy Yiuf/+4 quarterstaff of chaos (6)]
  1673 | D:2      | Slain by Crazy Yiuf

Illustrated notes

Levels and vault maps discovered:
D:1:      kilobyte_arrival_exit_the_forest, layout_rooms, serial_shops,
          nicolae_shop_tiny_glass
D:2:      layout_rooms, hellmonk_ecumenical_altar_heavens_door,
          palyth_stone_intersect, uniq_crazy_yiuf_cottage, uniq_jessica

Skill      XL: |  1  2  3  4 |
---------------+-------------+-----
Stealth        | 3 |  3.2
Fire Magic     | 4 |  4.0
Fighting       | |  0.1
Short Blades   | |  0.1
Dodging        | |  2.3
Spellcasting   | |  2.8
Conjurations   | |  1.9

Action                     |  1- 3 |  4- 6 || total
---------------------------+-------+-------++-------
  Melee: Unarmed           |    10 |       ||    10
         Tentacles         |     7 |     3 ||    10
         Constrict         |     6 |     5 ||    11
         Dagger            |     7 |    13 ||    20
   Cast: Foxfire           |    58 |    30 ||    88
         Inner Flame       |       |     1 ||     1
         Scorch            |       |     1 ||     1
    Use: Potion            |       |     1 ||     1
 Armour: Skin              |       |     6 ||     6
  Dodge: Dodged            |    18 |    13 ||    31

Table legend: (Time is in decaauts)
 A = Elapsed time spent in this place.
 B = Non-inter-level travel time spent in this place.
 C = Inter-level travel time spent in this place.
 D = Time resting spent in this place.
 E = Time spent auto-exploring this place.
 F = Levels seen in this place.
 G = Mean time per level.
                   A        B        C        D        E       F      G
               +--------+--------+--------+--------+--------+-----+--------+
         Total |   1671 |   1632 |     39 |      0 |   1186 |   2 |  835.5 |
       Dungeon |   1671 |   1632 |     39 |      0 |   1186 |   2 |  835.5 |
               +--------+--------+--------+--------+--------+-----+--------+

Top non-repeatable levels by time:
     D:1: 1022 daAuts
     D:2: 649 daAuts
